 Dungeon Crawl Stone Soup version 0.23-a0-837-ga3e6480 (console) character file.

287 bli the Slasher (level 6, -13/49 HPs)
             Began as a Barachi Fighter on Jan 24, 2019.
             Was an Initiate of Ru.
             Mangled by Crazy Yiuf
             ... wielding a +4 quarterstaff of chaos
              (16 damage)
             ... on level 4 of the Dungeon.
             The game lasted 00:07:31 (2484 turns).

bli the Slasher (Barachi Fighter)                   Turns: 2484, Time: 00:07:32

Health: -13/49     AC:  8    Str: 20    XL:     6   Next: 30%
Magic:  2/6        EV:  7    Int:  8    God:    Ru [......]
Gold:   237        SH:  9    Dex: 11    Spells: 5/5 levels left

rFire    . . .     SeeInvis .   a - +0 long sword
rCold    . . .     Gourm    .   c - +0 shield
rNeg     . . .     Faith    .   b - +0 scale mail
rPois    .         Spirit   .   s - +0 helmet
rElec    .         Reflect  .   (no cloak)
rCorr    .         Harm     .   (no gloves)
MR       .....                  (no boots)
Stlth    ..........             (no amulet)
HPRegen  0.16/turn              (no ring)
MPRegen  0.10/turn              (no ring)

@: slow
A: +LOS, swims, slowness 1, strong legs 1
a: Hop, Renounce Religion


You were on level 4 of the Dungeon.
You worshipped Ru.
Ru was noncommittal.
You were not hungry.

You visited 1 branch of the dungeon, and saw 4 of its levels.

You collected 237 gold pieces.

Inventory:

Hand Weapons
 a - a +0 long sword (weapon)
 q - a +0 hunting sling
Missiles
 g - 163 stones (quivered)
 y - 20 sling bullets
Armour
 b - a +0 scale mail (worn)
 c - a +0 shield (worn)
 s - a +0 helmet (worn)
 x - a +0 chain mail
Scrolls
 e - 7 scrolls of teleportation {unknown}
 h - 7 scrolls of identify {unknown}
 i - a scroll of blinking {unknown}
 j - a scroll of fog {unknown}
 l - a scroll of immolation {unknown}
 r - a scroll of fear {unknown}
 w - a scroll of remove curse {unknown}
Potions
 d - a potion of might
 k - 2 potions of lignification {unknown}
 m - a potion of mutation {unknown}
 o - a potion of agility {unknown}
 p - a potion of haste {unknown}
 t - a potion of flight {unknown}
 u - a potion of heal wounds {unknown}
 v - a potion of brilliance {unknown}
 z - a potion of berserk rage {unknown}
 A - a potion of invisibility {unknown}
Comestibles
 f - 4 rations
 n - 14 chunks of flesh


   Skills:
 + Level 4.4 Fighting
 * Level 5.9 Long Blades
 + Level 4.9 Armour
 - Level 4.0 Shields


You had 5 spell levels left.
You didn't know any spells.
Your spell library was empty.

Dungeon Overview and Level Annotations

Branches:
Dungeon (4/15)
 Temple: D:4-7

Altars:
Gozag
Qazlal
Ru
Sif Muna

Annotations:
D:4 3 runed doors, Crazy Yiuf


Innate Abilities, Weirdness & Mutations

Shadows flee at your approach. (+LOS)
You can swim through water.
You cover ground slowly.
You can hop short distances.


Message History

Crazy Yiuf hits you with a +4 quarterstaff of chaos.
You feel your power leaking away.
You barely miss Crazy Yiuf.
Crazy Yiuf is moderately wounded.
Crazy Yiuf barely misses you.
You closely miss Crazy Yiuf.
Crazy Yiuf is moderately wounded.
Crazy Yiuf hits you with a +4 quarterstaff of chaos!
Crazy Yiuf burns you.
* * * LOW HITPOINT WARNING * * *
You hit Crazy Yiuf.
Crazy Yiuf is severely wounded.
Crazy Yiuf cries, "Buddy!
Trifle bag testudinal."
You block Crazy Yiuf's attack.
You closely miss Crazy Yiuf.
Crazy Yiuf is severely wounded.
Crazy Yiuf hits you with a +4 quarterstaff of chaos!
* * * LOW HITPOINT WARNING * * *
You are electrocuted!
You die...

#### ♣♣#### #)..#♣♣
♣♣....## #..g@.♣♣♣♣......#
#...#♣..♣.......# ########
#### ♣♣♣.♣......# #......#
♣♣♣♣♣##.## #......# #.#
#......# ########## ##.#
#......# ##........####..#
##......#
##..............##
........###..........######
.....................#
...........##........#


You could see Crazy Yiuf.

Vanquished Creatures
  A big kobold (D:3)
  An orc wizard (D:4)
  2 worker ants (D:4)
  Terence (D:2)
  Robin (D:3)
  2 adders (D:2)
  An ooze (D:1)
  2 dart slugs
  4 leopard geckos
  6 orcs
  5 giant cockroaches
  14 goblins
  7 hobgoblins
  3 jackals
  A quokka (D:4)
  6 bats
  6 frilled lizards
  5 kobolds
  6 rats
74 creatures vanquished.

Notes
Turn   | Place    | Note
-------+----------+-------------------------------------------
     0 | D:1      | bli the Barachi Fighter began the quest for the Orb.
     0 | D:1      | Reached XP level 1. HP: 18/18 MP: 1/1
   171 | D:1      | Reached XP level 2. HP: 10/25 MP: 2/2
   259 | D:1      | You fall through a shaft!
   655 | D:2      | Reached XP level 3. HP: 30/30 MP: 3/3
   700 | D:2      | Reached skill level 3 in Long Blades
   937 | D:2      | Noticed Terence
   950 | D:2      | Killed Terence
   950 | D:2      | Reached XP level 4. HP: 18/37 MP: 4/4
   977 | D:2      | Found a stormy altar of Qazlal.
  1438 | D:2      | Found a deep blue altar of Sif Muna.
  1642 | D:3      | Reached skill level 4 in Long Blades
  1838 | D:3      | Noticed Robin
  1859 | D:3      | Killed Robin
  1859 | D:3      | Reached XP level 5. HP: 21/42 MP: 5/5
  2019 | D:3      | Noticed a big kobold
  2032 | D:3      | Killed a big kobold
  2032 | D:3      | Reached skill level 5 in Long Blades
  2198 | D:3      | Found a sacrificial altar of Ru.
  2202 | D:3      | Became a worshipper of Ru the Awakened
  2295 | D:4      | Reached XP level 6. HP: 39/49 MP: 6/6
  2401 | D:4      | Found a runed gate.
  2401 | D:4      | Found a runed gate.
  2401 | D:4      | Found a runed gate.
  2407 | D:4      | Found an opulent altar of Gozag.
  2472 | D:4      | Found a runed door.
  2476 | D:4      | Noticed Crazy Yiuf
  2484 | D:4      | Mangled by Crazy Yiuf

Vault maps used:
D:1:      dpeg_arrival_windows_large_door
D:2:      nicolae_qazlal_general_emergency, lemuel_blue_sif_altar,
          minmay_hedge_maze, uniq_terence
D:3:      marbit_many_paths, uniq_robin
D:4:      ebering_ghost_gozag, gup_sewer_entry_pipe, uniq_crazy_yiuf_cottage

Skill      XL: |  1  2  3  4  5 |
---------------+----------------+-----
Armour         | 4 |  4.9
Fighting       | 4 |  4.4
Long Blades    | 3 4 5 |  5.9
Shields        | 4 |  4.0

Action                   |  1- 3 |  4- 6 || total
-------------------------+-------+-------++-------
Melee: Long sword        |   100 |   155 ||   255
  Eat: Chunk             |     1 |     6 ||     7
Armor: Scale mail        |    56 |    65 ||   121
Dodge: Dodged            |    31 |    66 ||    97
Block: Shield            |    59 |    96 ||   155
       Rpst.: Long sword |    13 |    19 ||    32

Table legend:
 A = Non-vault XP
 B = Vault XP
 C = Vault XP percentage of total XP
 D = Non-vault monster count
 E = Vault monster count
 F = Vault count percentage of total count
                 A         B        C        D         E       F
            +---------+---------+-------+---------+---------+-------
      Total |     344 |      66 |  16.1 |      61 |      13 |  17.6
            +---------+---------+-------+---------+---------+-------
        D:1 |      28 |       0 |   0.0 |      15 |       0 |   0.0
        D:2 |      51 |      32 |  38.6 |      15 |       1 |   6.2
        D:3 |     137 |      34 |  19.9 |      21 |      12 |  36.4
        D:4 |     128 |       0 |   0.0 |      10 |       0 |   0.0
            +---------+---------+-------+---------+---------+-------
